 Dungeon Crawl Stone Soup version 0.30-a0-4-ga7cffc901d (webtiles) character file.

Game seed: 465981920055716645

107 Setbun the Sneak (level 5, 0/29 HPs)
             Began as a Kobold Enchanter on Aug 20, 2022.
             Was an Initiate of Dithmenos.
             Slain by a black bear (2 damage)
             ... on level 3 of the Dungeon.
             The game lasted 00:02:02 (2866 turns).

Setbun the Sneak (Kobold Enchanter)                 Turns: 2866, Time: 00:02:02

Health: 0/29       AC:  3    Str:  6    XL:     5   Next: 10%
Magic:  8/8        EV: 15    Int: 16    God:    Dithmenos [......]
Gold:   84         SH:  0    Dex: 17    Spells: 9/9 levels left

rFire   . . .      SeeInvis .    a - +1 dagger
rCold   . . .      Faith    .    (no shield)
rNeg    . . .      Spirit   .    b - +0 robe
rPois   .          Reflect  .    (no helmet)
rElec   .          Harm     .    o - +0 cloak {Will+}
rCorr   .          Rampage  .    (no gloves)
Will    +....                    (no boots)
Stlth   ++++......               (no amulet)
HPRegen 0.09/turn                (no ring)
MPRegen 0.11/turn                (no ring)

@: no status effects
A: small, no large weapons, nightstalker 3
a: Renounce Religion


You were on level 3 of the Dungeon.
You worshipped Dithmenos.
Dithmenos was noncommittal.
You visited 1 branch of the dungeon, and saw 3 of its levels.

You collected 84 gold pieces.

Inventory:

Hand Weapons
 a - a +1 dagger (weapon)
Armour
 b - a +0 robe (worn)
 o - a +0 cloak of willpower (worn)
Jewellery
 r - a ring of flight
Scrolls
 d - 3 scrolls of enchant weapon {unknown}
 f - 2 scrolls of identify {unknown}
 g - a scroll of brand weapon {unknown}
 h - a scroll of summoning {unknown}
 i - a scroll of fear {unknown}
 j - 2 scrolls of teleportation {unknown}
 l - a scroll of enchant armour {unknown}
 p - a scroll of amnesia {unknown}
 s - a scroll of fog {unknown}
 t - a scroll of poison {unknown}
Potions
 c - a potion of invisibility
 e - a potion of heal wounds {unknown}
 k - a potion of attraction {unknown}
 m - a potion of curing {unknown}
 n - 2 potions of might {unknown}
 q - a potion of brilliance {unknown}


   Skills:
 + Level 1.3 Fighting
 * Level 3.5 Short Blades
 + Level 3.0 Dodging
 + Level 4.6 Stealth
 + Level 2.6 Spellcasting
 + Level 3.4 Hexes


You had 9 spell levels left.
You didn't know any spells.
Your spell library contained the following spells:

 Spells                   Type           Power      Damage    Failure   Level
 Ensorcelled Hibernation  Hex/Ice        14%        N/A       14%         2
 Confusing Touch          Hex            13%        N/A       14%         3
 Tukima's Dance           Hex            13%        N/A       14%         3
 Shock                    Conj/Air       8%         1d3       21%         1
 Dazzling Flash           Conj/Hex       14%        N/A       28%         3
 Portal Projectile        Hex/Tloc       14%        N/A       28%         3
 Swiftness                Air            2%         N/A       52%         3
 Airstrike                Air            1%         2d(1-17)  89%         4
 Blade Hands              Tmut           1%         N/A       99%         5


Dungeon Overview and Level Annotations

Branches:
Dungeon (3/15)

Altars:
Dithmenos


Innate Abilities, Weirdness & Mutations

You are small and have problems with some larger weapons.
You are completely attuned to the shadows.


Message History

The quokka is almost dead.
The quokka barely misses you.
You hit the quokka.
You kill the quokka!
Dithmenos accepts your kill.
No target in view!
No target in view!
No target in view!
No target in view!
No target in view!
HP restored.
Found a stone staircase leading down.
A black bear comes into view.
The black bear growls angrily.
A black bear is nearby!
The black bear bites you! The black bear misses you.
The black bear completely misses you.
You hit the black bear but do no damage.
You hit the black bear but do no damage.
The black bear closely misses you.
The black bear claws you but does no damage.
The black bear completely misses you.
You barely miss the black bear. The black bear bites you.
The black bear claws you but does no damage.
The black bear claws you.
You don't know any spells.
Okay, then.
The black bear attacks as you move away!
The black bear bites you. The black bear claws you. x2
* * * LOW HITPOINT WARNING * * *
The black bear attacks as you move away!
The black bear bites you.
* * * LOW HITPOINT WARNING * * *
The black bear claws you but does no damage.
The black bear closely misses you.
The black bear attacks as you move away!
The black bear bites you.
* * * LOW HITPOINT WARNING * * *
The black bear claws you.
You die...

#....##########.##.#.#
........#.... #.##.#.#
....†.#.#..##.#.##.#.#
..............#.##.#.#
........#..#. #.##.#.#
#########..# #.##.#.#
..........# #.##.#.#
....###...# #.##.#.#
.....h@..># #.##.#.#
....##....# #.##.#.#
.... #....# #.##.#.#
.... #..... #.##.#.#
#### #..#.. #.##.#.#
#.##.#.# #.##.#.#
#.##.#.### #.##......


You could see a black bear.

Vanquished Creatures
  4 gnolls (D:2)
  2 adders
  4 endoplasms
  A giant cockroach (D:1)
  2 goblins
  4 hobgoblins
  5 quokkas
  4 ball pythons
  3 bats (D:2)
  4 frilled lizards
  10 kobolds
  8 rats
51 creatures vanquished.

Notes
Turn   | Place    | Note
-------+----------+-------------------------------------------
     0 | D:1      | Setbun the Kobold Enchanter began the quest for the Orb.
     0 | D:1      | Reached XP level 1. HP: 10/10 MP: 3/3
   292 | D:1      | Reached XP level 2. HP: 15/15 MP: 5/5
   451 | D:1      | Found a faded altar of an unknown god.
   788 | D:1      | Reached XP level 3. HP: 20/20 MP: 6/6
  1217 | D:2      | HP: 1/30 [gnoll/+0 flail (1)]
  1219 | D:2      | Reached skill level 1 in Fighting
  1219 | D:2      | Reached XP level 4. HP: 1/25 MP: 7/7
  1716 | D:2      | Found a shadowy altar of Dithmenos.
  1738 | D:2      | Became a worshipper of Dithmenos the Shadowed
  2532 | D:3      | Reached XP level 5. HP: 29/29 MP: 8/8
  2859 | D:3      | Noticed a black bear
  2866 | D:3      | Slain by a black bear

Illustrated notes

Levels and vault maps discovered:
D:1:      shiori_arrival_maze, layout_loops_corners,
          shapermc_ecumenical_altar_pompeii
D:2:      layout_loops_ring, basic_altar, minmay_cut_off
D:3:      layout_basic, uniq_terence

Skill      XL: |  1  2  3  4 |
---------------+-------------+-----
Short Blades   | 2 3 |  3.5
Fighting       | 1 |  1.3
Dodging        | 3 |  3.0
Stealth        | |  4.6
Spellcasting   | |  2.6
Hexes          | |  3.4

Action                   |  1- 3 |  4- 6 || total
-------------------------+-------+-------++-------
Melee: Dagger            |    80 |    56 ||   136
       Punch             |       |     1 ||     1
  Use: Potion            |     4 |       ||     4
 Stab: Sleeping          |    18 |    14 ||    32
       Invisible         |       |     2 ||     2
Armor: Robe              |     5 |     6 ||    11
       Skin              |    10 |     1 ||    11
Dodge: Dodged            |    23 |    25 ||    48

Table legend: (Time is in decaauts)
 A = Elapsed time spent in this place.
 B = Non-inter-level travel time spent in this place.
 C = Inter-level travel time spent in this place.
 D = Time resting spent in this place.
 E = Time spent auto-exploring this place.
 F = Levels seen in this place.
 G = Mean time per level.
                   A        B        C        D        E       F      G
               +--------+--------+--------+--------+--------+-----+--------+
         Total |   2832 |   2783 |     49 |    587 |   1873 |   3 |  944.0 |
       Dungeon |   2832 |   2783 |     49 |    587 |   1873 |   3 |  944.0 |
               +--------+--------+--------+--------+--------+-----+--------+

Top non-repeatable levels by time:
     D:2: 1375 daAuts
     D:1: 1099 daAuts
     D:3: 358 daAuts
